[Event "DVM U20 2019"]
[Site "Braunschweig"]
[Date "2019.12.30"]
[Round "7"]
[White "Doepper, Anna Berenice"]
[Black "Vuckovic, Robert"]
[Result "1/2-1/2"]
[ECO "B22"]
[WhiteElo "1855"]
[BlackElo "1897"]
[Annotator "NA"]
[PlyCount "22"]
[EventDate "2019.12.27"]
[EventType "team-tourn"]
[EventRounds "7"]
[EventCountry "GER"]
[SourceTitle "playchess.com"]
[Source "ChessBase"]
[SourceQuality "1"]
[WhiteTeam "SF Essen-Katernberg"]
[BlackTeam "SF Augsburg"]
[TimeControl "40/5400+30:1800+30"]

1. e4 c5 2. c3 d5 3. exd5 Qxd5 4. d4 g6 5. Nf3 Bg7 6. Be3 cxd4 7. Bxd4 Nf6 8. Be2 O-O 9. Nbd2 Nc6 10. Be3 Bf5 11. Nb3 {[%emt 0:12:25] unterminated} Rad8 $11 {[%emt 0:10:52] normal} 1/2-1/2

[Event "DVM U20 2019"]
[Site "Braunschweig"]
[Date "2019.12.30"]
[Round "7"]
[White "Düro, Liam"]
[Black "Verfuerth, Kevin"]
[Result "1/2-1/2"]
[ECO "D37"]
[WhiteElo "1841"]
[BlackElo "2038"]
[Annotator "NA RC"]
[PlyCount "42"]
[EventDate "2019.12.27"]
[EventType "team-tourn"]
[EventRounds "7"]
[EventCountry "GER"]
[SourceTitle "playchess.com"]
[Source "ChessBase"]
[SourceQuality "1"]
[WhiteTeam "SG Trier"]
[BlackTeam "SK Turm Kleve"]
[TimeControl "40/5400+30:1800+30"]

1. d4 Nf6 2. c4 e6 3. Nf3 d5 4. Nc3 Be7 {[%emt 0:00:00] unterminated} 5. Bf4 {[%emt 0:02:35] unterminated} O-O 6. e3 a6 7. Bd3 dxc4 8. Bxc4 b5 9. Bd3 Bb7 10. O-O c5 11. Qe2 c4 12. Bc2 Nd5 13. Nxd5 {[%emt 0:00:55] unterminated} exd5 {[%emt 0:00:46] unterminated} 14. Ne5 {[%emt 0:02:28] unterminated} Nc6 $11 15. Qh5 g6 16. Nxg6 fxg6 17. Bxg6 hxg6 18. Qxg6+ Kh8 19. Qh6+ Kg8 20. Qg6+ Kh8 21. Qh6+ Kg8 {[%emt 0:00:01] normal} 1/2-1/2

[Event "DVM U20 2019"]
[Site "Braunschweig"]
[Date "2019.12.30"]
[Round "7"]
[White "Foo, Tzun Hong"]
[Black "Brockmeyer, Tobias"]
[Result "1/2-1/2"]
[ECO "C01"]
[WhiteElo "1829"]
[BlackElo "1902"]
[Annotator "NA"]
[PlyCount "84"]
[EventDate "2019.12.27"]
[EventType "team-tourn"]
[EventRounds "7"]
[EventCountry "GER"]
[SourceTitle "playchess.com"]
[Source "ChessBase"]
[SourceQuality "1"]
[WhiteTeam "Hamburger SK"]
[BlackTeam "SK Lehrte 1919"]
[TimeControl "40/5400+30:1800+30"]

1. e4 e6 2. d4 d5 3. exd5 exd5 4. c4 Bb4+ 5. Nc3 Nf6 6. Bd3 {[%emt 0:01:31] unterminated} Qe7+ {[%emt 0:00:47] unterminated} 7. Nge2 {[%emt 0:02:25] unterminated} O-O 8. O-O {[%emt 0:02:19] unterminated} dxc4 9. Bxc4 {[%emt 0:00:10] unterminated} Nbd7 {[%emt 0:04:37] unterminated} 10. Ng3 {[%emt 0:12:23] unterminated} Nb6 {[%emt 0:03:47] unterminated} 11. Bd3 {[%emt 0:13:29] unterminated} c6 {[%emt 0:12:29] unterminated} 12. Bg5 {[%emt 0:13:43] unterminated} Qd6 $14 13. Nce4 Nxe4 14. Nxe4 Qd5 15. Qh5 f5 16. Ng3 Bd7 17. Qh4 Rae8 18. a3 Bd6 19. Rae1 Kh8 20. Be7 Bxe7 21. Rxe7 Rxe7 22. Qxe7 Qf7 23. Re1 Qxe7 24. Rxe7 g6 25. Ne2 Re8 26. Rxe8+ Bxe8 27. Nc3 Kg7 28. Kf1 Kf6 29. Ke2 Bf7 30. Kd2 Ke7 31. g3 Bc4 32. Bc2 Kd6 33. b3 Bd5 34. Nxd5 Nxd5 35. b4 Nf6 36. f3 Nh5 37. Ke3 Ng7 38. h4 Ne6 39. Bb3 h6 40. Bc4 Ke7 41. Bd3 Nc7 {[%emt 0:06:26] normal} 42. h5 {[%emt 0:09:33] normal} Nd5+ {[%emt 0:02:39] normal} 1/2-1/2

[Event "DVM U20 2019"]
[Site "Braunschweig"]
[Date "2019.12.30"]
[Round "7"]
[White "Klenk, Sofie"]
[Black "Celik, Cem"]
[Result "1-0"]
[ECO "C40"]
[WhiteElo "1812"]
[BlackElo "1767"]
[Annotator "NA"]
[PlyCount "23"]
[EventDate "2019.12.27"]
[EventType "team-tourn"]
[EventRounds "7"]
[EventCountry "GER"]
[SourceTitle "playchess.com"]
[Source "ChessBase"]
[SourceQuality "1"]
[WhiteTeam "SF Augsburg"]
[BlackTeam "SF Essen-Katernberg"]
[TimeControl "40/5400+30:1800+30"]

1. e4 e5 2. Nf3 f5 3. Nc3 Nc6 4. exf5 Nf6 5. d4 e4 6. Ne5 d6 7. Nxc6 bxc6 8. d5 cxd5 9. Bb5+ Bd7 10. Bxd7+ Qxd7 11. Nxd5 Qxf5 12. Nxc7+ {[%emt 0:01:18] normal} 1-0

[Event "DVM U20 2019"]
[Site "Braunschweig"]
[Date "2019.12.30"]
[Round "7"]
[White "Brüll, Elias"]
[Black "Seref, Erdogan"]
[Result "1/2-1/2"]
[ECO "C91"]
[WhiteElo "1797"]
[BlackElo "2003"]
[Annotator "NA"]
[PlyCount "42"]
[EventDate "2019.12.27"]
[EventType "team-tourn"]
[EventRounds "7"]
[EventCountry "GER"]
[SourceTitle "playchess.com"]
[Source "ChessBase"]
[SourceQuality "1"]
[WhiteTeam "SC Bavaria Regensburg"]
[BlackTeam "SF Brackel"]
[TimeControl "40/5400+30:1800+30"]

1. e4 e5 2. Nf3 Nc6 3. Bb5 a6 4. Ba4 Nf6 5. O-O Be7 6. Re1 b5 7. Bb3 O-O 8. d4 d6 9. c3 Bg4 10. Be3 exd4 11. cxd4 Na5 12. Bc2 Nc4 13. Bc1 c5 14. b3 {[%emt 0:00:21] unterminated} Nb6 {[%emt 0:00:15] unterminated} 15. Nbd2 {[%emt 0:01:15] unterminated} cxd4 16. h3 {[%emt 0:03:27] unterminated} Bh5 17. Bb2 {[%emt 0:00:31] unterminated} Nfd7 $14 18. g4 Bg6 19. Nxd4 Bg5 20. N2f3 Bf4 21. Nf5 Ne5 {[%emt 0:04:30] normal Übertragungsfehler, weitere Züge fehlen} 1/2-1/2

[Event "DVM U20 2019"]
[Site "Braunschweig"]
[Date "2019.12.30"]
[Round "7"]
[White "Mundt, Alexandra"]
[Black "Ortner, Jonas Ruben"]
[Result "0-1"]
[ECO "B27"]
[WhiteElo "1775"]
[BlackElo "1718"]
[Annotator "NA"]
[PlyCount "22"]
[EventDate "2019.12.27"]
[EventType "team-tourn"]
[EventRounds "7"]
[EventCountry "GER"]
[SourceTitle "playchess.com"]
[Source "ChessBase"]
[SourceQuality "1"]
[WhiteTeam "Lübecker SV"]
[BlackTeam "SK Bebenhausen"]
[TimeControl "40/5400+30:1800+30"]

1. e4 c5 2. Nf3 g6 3. d4 cxd4 4. Nxd4 Nc6 5. Be2 Bg7 6. Nb3 Nf6 7. Nc3 O-O 8. Be3 d6 9. Qd2 Rb8 10. f3 Be6 11. Nd5 Qc8 {[%emt 0:37:08] normal} 0-1

[Event "DVM U20 2019"]
[Site "Braunschweig"]
[Date "2019.12.30"]
[Round "7"]
[White "Hoenselaar, Dennis"]
[Black "Roos, Elias"]
[Result "1/2-1/2"]
[ECO "A36"]
[WhiteElo "1769"]
[BlackElo "1812"]
[Annotator "NA"]
[PlyCount "41"]
[EventDate "2019.12.27"]
[EventType "team-tourn"]
[EventRounds "7"]
[EventCountry "GER"]
[SourceTitle "playchess.com"]
[Source "ChessBase"]
[SourceQuality "1"]
[WhiteTeam "SK Turm Kleve"]
[BlackTeam "SG Trier"]
[TimeControl "40/5400+30:1800+30"]

1. c4 c5 2. g3 Nc6 3. Bg2 g6 4. Nc3 Bg7 5. d3 e5 6. e4 Nge7 7. Nge2 O-O 8. O-O d6 {[%emt 0:00:03] unterminated} 9. f4 f5 10. Be3 {[%emt 0:00:44] unterminated unterminated. A36: Symmetrical English vs ...g6: 4 Bg2 Bg7} Rb8 {[%emt 0:02:02] unterminated} (10... Nd4 11. Qd2 Be6 12. b3 Rb8 13. Rae1 Qd7 14. Nd5 b5 15. Bxd4 cxd4 16. Nxe7+ Qxe7 17. exf5 gxf5 18. Nxd4 {0-1 (56) Ivanchuk,V (2738)-Giri,A (2771) Leuven 2017}) 11. Rb1 {[%emt 0:04:31] unterminated} a6 12. a3 $146 {[%emt 0:00:06] unterminated} ({Predecessor:} 12. Qd2 b5 13. b3 Qc7 14. h3 Nd4 15. Kh2 Nec6 16. Bxd4 Nxd4 17. Nxd4 cxd4 {1-0 (29) Larter,N (1830)-Moran,H (1522) Dublin 2019}) 12... b5 13. cxb5 axb5 {[%emt 0:00:09] unterminated} 14. b4 {[%emt 0:00:43] unterminated} Nd4 {[%emt 0:05:45] unterminated} 15. Qd2 {[%emt 0:11:20] unterminated} Be6 {[%emt 0:09:50] unterminated} 16. bxc5 {[%emt 0:02:03] unterminated} dxc5 {[%emt 0:03:15] unterminated} 17. Bxd4 cxd4 18. Nxb5 {[%emt 0:00:39] unterminated} fxe4 {[%emt 0:03:48] unterminated} 19. Bxe4 {[%emt 0:02:59] unterminated} Nf5 $14 20. a4 Bd5 21. fxe5 {[%emt 0:15:32] normal} 1/2-1/2

[Event "DVM U20 2019"]
[Site "Braunschweig"]
[Date "2019.12.30"]
[Round "7"]
[White "Kirschweng, Luca"]
[Black "Habersetzer, Elyse"]
[Result "1-0"]
[ECO "C02"]
[WhiteElo "1718"]
[BlackElo "1650"]
[Annotator "NA"]
[PlyCount "70"]
[EventDate "2019.12.27"]
[EventType "team-tourn"]
[EventRounds "7"]
[EventCountry "GER"]
[SourceTitle "playchess.com"]
[Source "ChessBase"]
[SourceQuality "1"]
[WhiteTeam "SG Trier"]
[BlackTeam "SK Turm Kleve"]
[TimeControl "40/5400+30:1800+30"]

1. e4 e6 2. d4 d5 3. e5 c5 4. Nf3 Nc6 5. Bd3 Bd7 6. a3 cxd4 7. Bf4 Qb6 8. b4 a6 9. Nbd2 Rc8 10. Nb3 Qc7 11. O-O Nge7 12. Re1 Ng6 13. Bg3 Be7 14. h4 Qd8 15. h5 Nh4 16. Nfxd4 g6 17. Bxh4 Bxh4 18. Qg4 Qg5 19. Qxg5 Bxg5 20. hxg6 hxg6 21. Nf3 Bh6 22. Nc5 Rc7 23. Rab1 Nb8 24. Nd4 b5 25. Nxa6 Rc8 26. Nc5 Bf8 27. Nxd7 Kxd7 28. Bxb5+ Kc7 29. f4 Kb6 30. Rec1 Rc3 31. Rb3 Rc7 32. Bd3 Na6 33. c4 Be7 34. c5+ Kb7 35. Nb5 {[%emt 0:00:39] normal} Nxc5 {[%emt 0:02:19] normal} 1-0

[Event "DVM U20 2019"]
[Site "Braunschweig"]
[Date "2019.12.30"]
[Round "7"]
[White "Heise, Tobias"]
[Black "Genov, Valentin"]
[Result "1/2-1/2"]
[ECO "A45"]
[WhiteElo "1712"]
[BlackElo "1829"]
[Annotator "NA"]
[PlyCount "82"]
[EventDate "2019.12.27"]
[EventType "team-tourn"]
[EventRounds "7"]
[EventCountry "GER"]
[SourceTitle "playchess.com"]
[Source "ChessBase"]
[SourceQuality "1"]
[WhiteTeam "SK Lehrte 1919"]
[BlackTeam "Hamburger SK"]
[TimeControl "40/5400+30:1800+30"]

1. d4 Nf6 2. Bf4 c5 3. e3 cxd4 4. exd4 d5 5. c3 Nc6 6. Nf3 Bg4 7. Nbd2 e6 8. Bd3 Bd6 9. Bg3 {[%emt 0:01:13] unterminated} Bh5 {[%emt 0:08:07] unterminated} 10. Qc2 {[%emt 0:11:08] unterminated} Bg6 {[%emt 0:02:29] unterminated} 11. Ne5 Bxd3 12. Qxd3 {[%emt 0:00:35] unterminated} O-O {[%emt 0:01:01] unterminated} 13. O-O {[%emt 0:01:05] unterminated} Nh5 {[%emt 0:14:17] unterminated} 14. Nxc6 {[%emt 0:08:35] unterminated} bxc6 {[%emt 0:00:23] unterminated} 15. Bxd6 $11 Qxd6 16. Rfe1 c5 17. dxc5 Qxc5 18. b4 Qc7 19. Re3 h6 20. Nb3 Rfc8 21. Nc5 Nf4 22. Qd2 Ng6 23. Rae1 Re8 24. Rg3 Qc6 25. a3 Rad8 26. Rd3 Qc8 27. Rd4 Kh8 28. Qd3 Rd6 29. Qf3 Qc7 30. c4 Red8 31. Qc3 Ne7 32. h3 Nf5 33. Rd2 dxc4 34. Rxd6 Nxd6 35. Rd1 Nf5 36. Rxd8+ Qxd8 37. Qxc4 Qd1+ 38. Qf1 Qd5 39. Qd3 Qe5 40. Kh1 Qe1+ 41. Kh2 Qxf2 {[%emt 0:04:18] normal} 1/2-1/2

[Event "DVM U20 2019"]
[Site "Braunschweig"]
[Date "2019.12.30"]
[Round "7"]
[White "Fischer, Patrick"]
[Black "Simrock, Manuel"]
[Result "1-0"]
[ECO "C47"]
[WhiteElo "1604"]
[BlackElo "1211"]
[Annotator "NA"]
[PlyCount "53"]
[EventDate "2019.12.27"]
[EventType "team-tourn"]
[EventRounds "7"]
[EventCountry "GER"]
[SourceTitle "playchess.com"]
[Source "ChessBase"]
[SourceQuality "1"]
[WhiteTeam "SF HN-Biberach"]
[BlackTeam "Sges Bensheim"]
[TimeControl "40/5400+30:1800+30"]

1. e4 e5 2. Nf3 Nc6 3. Nc3 Nf6 4. d4 exd4 5. Nxd4 Bb4 6. Nxc6 bxc6 7. Bd3 O-O 8. O-O h6 9. Qf3 Re8 10. h3 d5 11. exd5 cxd5 12. Bf4 Bb7 13. Nb5 Ba5 14. c3 a6 15. Nd4 Ne4 16. Bxe4 dxe4 17. Qg3 Kh7 18. Be5 f6 19. Bf4 Bb6 20. Rad1 Qd7 21. Rd2 Qf7 22. Rfd1 g5 23. Be3 f5 24. Nxf5 Qxf5 25. Bxb6 cxb6 26. Rd7+ Kh8 27. Rxb7 {[%emt 0:00:29] normal} 1-0

[Event "DVM U20 2019"]
[Site "Braunschweig"]
[Date "2019.12.30"]
[Round "7"]
[White "van Haaren, Laurens Jan"]
[Black "Sequeira, Titus"]
[Result "0-1"]
[ECO "A30"]
[WhiteElo "1482"]
[BlackElo "1472"]
[Annotator "NA"]
[PlyCount "77"]
[EventDate "2019.12.27"]
[EventType "team-tourn"]
[EventRounds "7"]
[EventCountry "GER"]
[SourceTitle "playchess.com"]
[Source "ChessBase"]
[SourceQuality "1"]
[WhiteTeam "SK Turm Kleve"]
[BlackTeam "SG Trier"]
[TimeControl "40/5400+30:1800+30"]

1. c4 c5 2. g3 Nc6 3. Bg2 g6 4. e4 Bg7 5. Ne2 e5 6. O-O Nge7 7. Nbc3 a6 8. d3 O-O 9. h3 d6 10. Kh2 Bd7 11. f4 Qc8 12. Qc2 Nb4 13. Qd2 f5 14. a3 Nbc6 15. Qc2 Nd8 16. Rb1 b5 17. exf5 bxc4 18. Bxa8 Qxa8 19. fxg6 Bf5 20. gxh7+ Bxh7 21. Qd2 cxd3 22. Ng1 Ne6 23. Qg2 e4 24. Bd2 Nd4 25. Rbe1 d5 26. Rd1 Nc2 27. h4 e3 28. Bc1 Bxc3 29. bxc3 Be4 30. Qh3 e2 31. Qe6+ Rf7 32. Nf3 exd1=Q 33. Rxd1 Bxf3 34. Rxd3 Be4 35. Rd1 Qc6 36. Qg4+ Qg6 37. Qe2 Rg7 38. Rg1 Nf5 39. Qf2 {[%emt 0:00:21] normal} 0-1

[Event "DVM U20 2019"]
[Site "Braunschweig"]
[Date "2019.12.30"]
[Round "7"]
[White "Meier, Julian"]
[Black "Hoffmann, Lennard"]
[Result "0-1"]
[ECO "A56"]
[WhiteElo "1323"]
[BlackElo "2059"]
[Annotator "NA"]
[PlyCount "58"]
[EventDate "2019.12.27"]
[EventType "team-tourn"]
[EventRounds "7"]
[EventCountry "GER"]
[SourceTitle "playchess.com"]
[Source "ChessBase"]
[SourceQuality "1"]
[WhiteTeam "USV TU Dresden"]
[BlackTeam "SG Aufbau Elbe Magdeburg"]
[TimeControl "40/5400+30:1800+30"]

1. d4 Nf6 2. c4 c5 3. e3 e6 4. Nc3 {[%emt 0:00:00] unterminated} d5 5. dxc5 Bxc5 6. cxd5 exd5 7. Nf3 O-O 8. Be2 Nc6 {[%emt 0:01:14] unterminated} 9. O-O {[%emt 0:00:38] unterminated unterminated. D32: Tarrasch Defence: Sidelines and lines without g3} Bf5 (9... a6 10. b3 {½-½ (10) Martinez Reyes,P (2404)-Ibarra Jerez,J (2542) La Roda 2019}) 10. Bd3 Bg4 {[%emt 0:01:49] unterminated} 11. Be2 Re8 12. Nd4 {[%emt 0:04:52] unterminated} Be6 13. Bb5 $146 {[%emt 0:02:55] unterminated} ({Predecessor:} 13. Bf3 Qd7 14. a3 a6 15. b4 Ba7 16. Bb2 Rac8 17. Rc1 Ne5 {½-½ (47) Ipatov-Zazuliak,A Lvov 2001}) 13... Qc7 {[%emt 0:03:05] unterminated} 14. Nce2 {[%emt 0:05:11] unterminated} a6 {[%emt 0:02:07] unterminated} 15. Ba4 {[%emt 0:02:14] unterminated} b5 {[%emt 0:04:12] unterminated} 16. Bb3 {[%emt 0:03:02] unterminated} Bd6 {[%emt 0:05:07] unterminated} 17. Nxc6 {[%emt 0:07:33] unterminated} Qxc6 {[%emt 0:00:53] unterminated} 18. Bd2 {[%emt 0:01:47] unterminated} Bb8 {[%emt 0:07:30] unterminated} 19. Bc3 {[%emt 0:04:31] unterminated} Qd6 20. Ng3 {[%emt 0:01:24] unterminated} Ne4 {[%emt 0:07:46] unterminated} 21. Qd4 {[%emt 0:03:25] unterminated} f6 {[%emt 0:15:07] unterminated} 22. Bb4 {[%emt 0:03:06] unterminated} Qe5 23. Qxe5 $11 (23. Qd3 $14 Ba7 24. Rad1) 23... Bxe5 24. Nxe4 dxe4 25. Bxe6+ Rxe6 26. Rab1 a5 27. Bc3 b4 28. Bxe5 Rxe5 29. Rfd1 Rc5 {[%emt 0:00:18] normal} 0-1

[Event "DVM U20 2019"]
[Site "Braunschweig"]
[Date "2019.12.30"]
[Round "7"]
[White "Meister, Konstantin"]
[Black "Gerold, Robin"]
[Result "0-1"]
[ECO "B27"]
[WhiteElo "1256"]
[BlackElo "1448"]
[Annotator "NA"]
[PlyCount "75"]
[EventDate "2019.12.27"]
[EventType "team-tourn"]
[EventRounds "7"]
[EventCountry "GER"]
[SourceTitle "playchess.com"]
[Source "ChessBase"]
[SourceQuality "1"]
[WhiteTeam "Sges Bensheim"]
[BlackTeam "SF HN-Biberach"]
[TimeControl "40/5400+30:1800+30"]

1. e4 c5 2. Nf3 b6 3. Bc4 Bb7 4. Nc3 e6 5. d3 Be7 6. O-O Nf6 7. Bf4 d5 8. exd5 Nxd5 9. Bxb8 Rxb8 10. Nxd5 Bxd5 11. Bb5+ Kf8 12. Ne5 Qc7 13. Nd7+ Kg8 14. Nxb8 Qxb8 15. Qg4 h5 16. Qh3 Rh6 17. c4 Bb7 18. Rfe1 Rg6 19. g3 Qa8 20. Re5 h4 21. Kf1 Rh6 22. Ke2 Bg2 23. Qg4 f5 24. Qf4 Bd6 25. Kd2 hxg3 26. Qxg3 Bxe5 27. Qxe5 Qf3 28. Qe3 Qxe3+ 29. Kxe3 Rxh2 30. Bd7 Kf7 31. Kf4 Bb7 32. Rf1 Kf6 33. Kg3 Rg2+ 34. Kh3 g5 35. f3 Rxb2 36. a4 Ke7 37. Bb5 a6 38. Bxa6 {[%emt 0:00:24] normal} 0-1